Map: Lightshade LE

Players

Heeebster - Winner!

  • Race: Protoss Protoss
  • League: Diamond
  • Spawn Location: 11:00

weisoflife

  • Race: Zerg Zerg
  • League: Diamond
  • Spawn Location: 5:00

VOD

Have the link to the VOD?

Description

Time

  • Played on: Nov. 15, 2020, 3:19 p.m.
  • Length: 3:23
Show
View Real Time Build Order
Export as new Build Order

Heeebster Protoss - Winner!

Build Orders:  

Get SALT Encoding   

  12  0:00  Probe  
  13  0:12  Probe  
  14  0:31  Pylon  
  14  0:49  Gateway  
  14  0:51  Gateway  
  14  0:55  Gateway  
  14  1:06  Gateway  
  14  1:10  Probe  
  15  1:22  Pylon, Probe  
  16  1:35  Zealot (Chrono Boost)  
  16  1:37  Zealot (Chrono Boost)  
  22  1:49  Zealot (Chrono Boost)  
  22  1:53  Zealot (Chrono Boost)  
  26  2:05  Zealot (Chrono Boost)  
  26  2:06  Pylon  
  26  2:17  Zealot (Chrono Boost)  
  26  2:21  Zealot (Chrono Boost)  
  30  2:26  Zealot  
  32  2:33  Zealot  
  34  2:41  Zealot  
  36  2:54  Zealot  
Show
View Real Time Build Order
Export as new Build Order

weisoflife Zerg 

Build Orders: Hatch First 

Get SALT Encoding   

  12  0:00  Drone  
  13  0:12  Overlord  
  13  0:16  Drone  
  14  0:31  Drone x2  
  16  0:48  Hatchery  
  15  0:53  Drone  
  15  0:55  Drone  
  17  0:58  Drone  
  18  1:10  Extractor  
  17  1:14  Spawning Pool  
  17  1:17  Drone  
  17  1:20  Drone  
  18  1:28  Drone  
  19  1:42  Overlord  
  19  1:56  Drone  
  19  2:01  Queen x2  
  20  2:02  Zergling x4  
  26  2:16  Drone  
  26  2:22  Spine Crawler  
  26  2:23  Drone x3  
  26  2:29  Spine Crawler  
  28  2:36  Zergling x4  
  31  2:41  Spine Crawler  
  31  2:43  Queen  
  28  2:55  Zergling x4  
  28  2:57  Spine Crawler  
  23  3:05  Zergling x2  
  23  3:06  Zergling x2  
Tags
 
Matchup
PvZ
Replay Pack
Replays
Spawn Locations
Cross Positions
Add a new tag
Caveats
  • Supply blocks, unpowered buildings, or Contaminate may cause inaccurate times.
  • Supply counts are checked every 10 seconds.